 Dungeon Sprint DCSS version 0.22.1-1-ga44c0e5 (webtiles) character file.

9900000 aMcNicky the Conqueror (level 27, -41/273 HPs)
             Began as a Minotaur Fighter on Nov 10, 2018.
             Was the Champion of Makhleb.
             Killed from afar by a wretched soul (77 damage)
             ... with a bolt of negative energy
             ... in the Dungeon (Sprint VIII: "Arena of Blood").
             The game lasted 00:04:05 (99 turns).

aMcNicky the Conqueror (Minotaur Fighter)             Turns: 99, Time: 00:04:05

Health: -41/273    AC: 12    Str: 32    XL:     27
Magic:  36/53      EV: 25    Int:  5    God:    Makhleb [******]
Gold:   0          SH:  0    Dex: 12    Spells: 80/80 levels left

rFire    . . .     SeeInvis .   l - +∞ Axe of Woe
rCold    . . .     Gourm    .   (shield currently unavailable)
rNeg     . . .     Faith    .   b - +0 scale mail
rPois    .         Spirit   .   (helmet restricted)
rElec    .         Reflect  .   (no cloak)
rCorr    .         Harm     .   (no gloves)
MR       ++...     NoTele   +   (no boots)
Stlth    ++++++++..             (no amulet)
HPRegen  0.55/turn              (no ring)
MPRegen  0.33/turn              (no ring)

@: lethally poisoned (-41 -> -41), drained
A: retaliatory headbutt, horns 2
a: Minor Destruction, Lesser Servant of Makhleb, Major Destruction, Greater
Servant of Makhleb, Renounce Religion


You were in the Dungeon.
You worshipped Makhleb.
Makhleb was exalted by your worship.
You were not hungry.

You visited 1 branch

Inventory:

Hand Weapons
 a - a +0 war axe
 l - the +∞ Axe of Woe (weapon)
   (You found it in the Dungeon)
Armour
 b - a +0 scale mail (worn)
 c - a +0 shield
Scrolls
 k - a scroll of blinking
Potions
 d - a potion of might
 e - a potion of curing {@q1}
 h - a potion of haste {@q3}
 i - 2 potions of magic
 j - a potion of berserk rage
Comestibles
 f - a ration {@e1}


   Skills:
 O Level 27(25.5) Fighting
 O Level 27(25.5) Axes
 O Level 27(25.5) Throwing
 O Level 27(25.5) Armour
 O Level 27(25.5) Dodging
 O Level 27(25.5) Stealth
 O Level 27(25.5) Shields
 O Level 27(25.5) Unarmed Combat
 O Level 27(25.5) Spellcasting
 O Level 27(25.5) Invocations


You had 80 spell levels left.
You didn't know any spells.
Your spell library was empty.

Dungeon Overview and Level Annotations

Branches:
Dungeon (1/1)

Altars:
Makhleb


Innate Abilities, Weirdness & Mutations

You reflexively headbutt those who attack you in melee.
You have a pair of horns on your head.


Message History

A bag of meat comes into view. It is wielding a +9 war axe.
Your cacodemon gestures at the meat berserker.
The meat berserker twists and deforms.
The tyrant gestures wildly while chanting.
The tyrant seems to speed up.
You hear a shout! x2
You feel much better.
A bag of meat comes into view. It is wielding a +9 war axe.
The meat berserker hits your cacodemon with a +9 battleaxe!!!
Your cacodemon dies!
The eight-headed meat hydra calls on the powers of darkness!
The eight-headed meat hydra convulses!
The bag of meat convulses! x3
The meat berserker convulses!
Your body is wracked with pain!
* * * LOW HITPOINT WARNING * * *
The eight-headed meat hydra convulses!
A meat berserker comes into view. It is wielding a +9 battleaxe.
You hear a shout!
A bolt of negative energy appears from out of thin air!
The bolt of negative energy hits you!
You feel drained.
You die...

....#.... #.))....# .
.#.....O###).)....###..
.......%...))###......
.....#.)))X..._......
...#...XL))#..)).#..
##.....)X)O.#_)o)_#
....#..)2)).#.)%).#
......#D))....._.....
.......@).....###....o.
......{O.###......%###..
........{..#.......# o
...........#.......#
..#...V...o.. ......
.#.#D#.O2O.M.....
..#.#.......... .#.#
#.oz.o...o


You could see an accursed, a meat beast, a tyrant, a reaper, 2 eight-headed meat
hydras, a destroyer, a sculptor of flesh, 2 large bags of meat, 3 large
abominations, 3 meat berserkers and 4 bags of meat.

Vanquished Creatures
  4 hell beasts (D)
  3 greater mummies (D)
  Harold (D)
  14 vampire knights (D)
  30 ogres (D)
  5 two-headed ogres (D)
  4 liches (D)
  72 orcs (D)
  2 phantoms (D)
  5 skeletal warriors (D)
  5 large abominations (D)
  7 small abominations (D)
  3 crawling corpses (D)
155 creatures vanquished.

Vanquished Creatures (others)
  2 crawling corpses (D)
2 creatures vanquished.

Grand Total: 157 creatures vanquished

Notes
Turn   | Place    | Note
-------+----------+-------------------------------------------
     0 | D        | Found the +∞ Axe of Woe
     0 | D        | aMcNicky the Minotaur Fighter began the quest for the Orb.
     0 | D        | Reached XP level 1. HP: 19/19 MP: 0/0
     1 | D        | Noticed a bag of meat
     2 | D        | Noticed a bag of meat
     2 | D        | Noticed a meat berserker
     3 | D        | Noticed a bag of meat
     3 | D        | Noticed a meat berserker
     3 | D        | Noticed a meat berserker
     4 | D        | Noticed a bag of meat
     5 | D        | Noticed a bag of meat
     5 | D        | Noticed a bag of meat
     6 | D        | Noticed a bag of meat
     7 | D        | Killed a meat berserker
     7 | D        | Reached XP level 2. HP: 55/55 MP: 1/1
     7 | D        | Reached XP level 3. HP: 62/62 MP: 2/2
     7 | D        | Reached XP level 4. HP: 70/70 MP: 3/3
     7 | D        | Reached XP level 5. HP: 77/77 MP: 4/4
     7 | D        | Reached XP level 6. HP: 85/85 MP: 5/5
     7 | D        | Reached XP level 7. HP: 92/92 MP: 6/6
     7 | D        | Reached XP level 8. HP: 101/101 MP: 7/7
     7 | D        | Reached XP level 9. HP: 107/107 MP: 8/8
     7 | D        | Reached XP level 10. HP: 115/115 MP: 9/9
     7 | D        | Reached XP level 11. HP: 123/123 MP: 10/10
     7 | D        | Reached XP level 12. HP: 130/130 MP: 11/11
     7 | D        | Reached XP level 13. HP: 138/138 MP: 12/12
     7 | D        | Noticed a meat berserker
     8 | D        | Killed a meat berserker
     8 | D        | Reached XP level 14. HP: 112/155 MP: 13/13
     8 | D        | Killed a meat berserker
     8 | D        | Reached XP level 15. HP: 122/169 MP: 14/14
     8 | D        | Reached skill level 27 in Fighting
     8 | D        | Reached skill level 27 in Axes
     8 | D        | Reached skill level 27 in Armour
     8 | D        | Noticed a meat berserker
     8 | D        | Noticed a meat berserker
     9 | D        | Reached XP level 16. HP: 132/183 MP: 15/15
     9 | D        | Noticed a meat berserker
    10 | D        | Killed a meat berserker
    10 | D        | Reached skill level 27 in Dodging
    10 | D        | Reached XP level 17. HP: 138/191 MP: 15/22
    11 | D        | Reached skill level 10 in Unarmed Combat
    12 | D        | Killed a meat berserker
    13 | D        | Reached skill level 15 in Unarmed Combat
    13 | D        | Reached skill level 10 in Spellcasting
    13 | D        | Reached XP level 18. HP: 146/200 MP: 15/31
    15 | D        | Killed a meat berserker
    15 | D        | Reached skill level 15 in Stealth
    15 | D        | Killed a meat berserker
    15 | D        | Reached skill level 27 in Shields
    15 | D        | Reached XP level 19. HP: 149/207 MP: 15/35
    18 | D        | Became a worshipper of Makhleb the Destroyer
    19 | D        | Reached skill level 15 in Spellcasting
    20 | D        | Noticed a meat berserker
    21 | D        | Reached * piety under Makhleb
    22 | D        | Noticed a meat berserker
    22 | D        | Noticed a destroyer
    23 | D        | Noticed a large bag of meat
    24 | D        | Killed a destroyer
    24 | D        | Reached ** piety under Makhleb
    24 | D        | Reached XP level 20. HP: 204/216 MP: 17/41
    24 | D        | Noticed a destroyer
    25 | D        | Killed a meat berserker
    25 | D        | Reached skill level 27 in Unarmed Combat
    25 | D        | Reached skill level 10 in Invocations
    25 | D        | Noticed a destroyer
    25 | D        | Noticed a destroyer
    25 | D        | Noticed a large bag of meat
    29 | D        | Noticed a meat berserker
    29 | D        | Noticed a meat berserker
    30 | D        | Noticed a large bag of meat
    31 | D        | Reached *** piety under Makhleb
    31 | D        | Reached skill level 27 in Throwing
    31 | D        | Reached XP level 21. HP: 224/224 MP: 19/44
    31 | D        | Noticed a large bag of meat
    31 | D        | Noticed a destroyer
    32 | D        | Noticed a large bag of meat
    33 | D        | Killed a destroyer
    33 | D        | Reached skill level 27 in Stealth
    33 | D        | Killed a destroyer
    33 | D        | Reached **** piety under Makhleb
    33 | D        | Reached XP level 22. HP: 233/233 MP: 19/49
    34 | D        | Reached skill level 27 in Invocations
    34 | D        | Reached skill level 27 in Spellcasting
    35 | D        | Killed a destroyer
    35 | D        | Reached XP level 23. HP: 240/240 MP: 20/53
    35 | D        | Noticed a destroyer
    36 | D        | Reached ***** piety under Makhleb
    37 | D        | Killed a large bag of meat
    37 | D        | Killed a destroyer
    37 | D        | Reached XP level 24. HP: 249/249 MP: 20/53
    38 | D        | Reached ****** piety under Makhleb
    39 | D        | Killed a destroyer
    40 | D        | Reached XP level 25. HP: 238/257 MP: 21/53
    40 | D        | Killed a large bag of meat
    40 | D        | Noticed a destroyer
    41 | D        | Noticed a destroyer
    41 | D        | Noticed a destroyer
    43 | D        | Killed a large bag of meat
    43 | D        | Noticed The Servant
    44 | D        | Noticed a destroyer
    46 | D        | Killed a destroyer
    46 | D        | Reached XP level 26. HP: 182/266 MP: 23/53
    46 | D        | Killed a large bag of meat
    46 | D        | Killed a destroyer
    47 | D        | Noticed a tyrant
    48 | D        | Killed a destroyer
    48 | D        | Reached XP level 27. HP: 263/273 MP: 23/53
    51 | D        | Killed The Servant
    51 | D        | Noticed a destroyer
    51 | D        | Noticed an accursed
    53 | D        | Noticed a destroyer
    54 | D        | Killed a large bag of meat
    55 | D        | Killed a destroyer
    56 | D        | Killed a tyrant
    61 | D        | Noticed a destroyer
    64 | D        | Killed a destroyer
    66 | D        | Killed a destroyer
    68 | D        | Noticed an accursed
    70 | D        | Killed an accursed
    72 | D        | Noticed a tyrant
    74 | D        | Noticed a meat beast
    75 | D        | Killed a destroyer
    76 | D        | Noticed an accursed
    77 | D        | Noticed a tyrant
    78 | D        | Noticed a destroyer
    79 | D        | Killed a meat beast
    82 | D        | Killed an accursed
    82 | D        | Killed a destroyer
    84 | D        | Noticed a meat beast
    84 | D        | Noticed a meat beast
    84 | D        | Noticed an accursed
    85 | D        | Killed an accursed
    87 | D        | Killed a tyrant
    88 | D        | Killed a meat beast
    88 | D        | Killed a tyrant
    88 | D        | Noticed a meat beast
    93 | D        | Killed a meat beast
    95 | D        | Killed a meat beast
    96 | D        | Noticed a tyrant
    96 | D        | Noticed a tyrant
    97 | D        | Noticed a large bag of meat
    97 | D        | Noticed a large bag of meat
    97 | D        | Noticed a destroyer
    98 | D        | Noticed a meat beast
    98 | D        | Killed a tyrant
    99 | D        | Killed from afar by a wretched soul

Skill      XL: |  1  2  3  4  5  6  7  8  9 10 11 12 13 14 15 16 17 18 19 20 21 22 |
---------------+-------------------------------------------------------------------+-----
Fighting       | 19 22 25 27 | 27.0
Axes           | 19 22 25 27 | 27.0
Armour         | 19 22 25 27 | 27.0
Shields        | 19 20 24 27 | 27.0
Dodging        | 9 12 20 27 | 27.0
Throwing       | 6 14 18 24 27 | 27.0
Stealth        | 6 13 17 23 25 27 | 27.0
Unarmed Combat | 7 15 19 26 27 | 27.0
Spellcasting   | 4 10 13 18 20 24 27 | 27.0
Invocations    | 14 24 27 | 27.0

Action                   |  1- 3 |  4- 6 |  7- 9 | 10-12 | 13-15 | 16-18 | 19-21 | 22-24 | 25-27 || total
-------------------------+-------+-------+-------+-------+-------+-------+-------+-------+-------++-------
Melee: Executioner's axe |     1 |       |       |       |     2 |     5 |     8 |     7 |    45 ||    68
Invok: Greater Servant o |       |       |       |       |       |       |       |       |     3 ||     3
  Use: Potion            |       |       |       |       |       |       |       |       |     1 ||     1
 Stab: Distracted        |       |       |       |       |       |       |       |       |     1 ||     1
Armor: Scale mail        |       |       |       |       |       |     1 |       |       |     4 ||     5
Dodge: Dodged            |       |       |       |       |       |       |       |       |     9 ||     9
